 Dungeon Crawl Stone Soup version 0.19-a0-1714-gcab94ab (webtiles) character file.

93 Vasilisck the Grave Robber (level 4, -2/30 HPs)
             Began as a Demonspawn Necromancer on Sept 28, 2016.
             Slain by gottagoquickly's ghost (10 damage)
             ... on level 3 of the Dungeon.
             The game lasted 00:07:18 (3650 turns).

Vasilisck the Grave Robber (Demonspawn Necromancer) Turns: 3650, Time: 00:07:19

Health: -2/30      AC:  6    Str:  9    XL:     4   Next: 37%
Magic:  4/8        EV: 12    Int: 16    God:
Gold:   80         SH:  0    Dex: 14    Spells: 3 memorised, 1 level left

rFire  . . .     SeeInvis .     r - +1 dagger (drain)
rCold  . . .     Gourm    .     a - +0 robe
rNeg   . . .     Faith    .     (no shield)
rPois  .         Spirit   .     (no helmet)
rElec  .         Dismiss  .     i - +0 cloak
rCorr  .         Reflect  .     (no gloves)
MR     .....     Harm     .     (no boots)
Stlth  +++.......               (no amulet)
                                (no ring)
                                (no ring)

@: regenerating (expiring)
A: thin metallic scales 1, nightstalker 1
a: no special abilities


You were on level 3 of the Dungeon.
You were very hungry.

You visited 1 branch of the dungeon, and saw 3 of its levels.

You collected 80 gold pieces.

Inventory:

Hand Weapons
 e - a +0 dagger
 r - a +1 dagger of draining (weapon)
 w - a -1 falchion
Armour
 a - a +0 robe (worn)
 i - a +0 cloak (worn)
Wands
 o - a wand of flame (36/48)
 t - a wand of lightning (8/15)
Scrolls
 g - 2 scrolls of remove curse
 j - 3 scrolls of identify {unknown}
 l - a scroll of magic mapping {unknown}
 m - a scroll of teleportation {unknown}
 q - a scroll of enchant weapon {unknown}
Potions
 f - 2 potions of might {unknown}
 h - a potion of cancellation {unknown}
 k - a potion of resistance {unknown}
 n - a potion of flight {unknown}
 p - 3 potions of lignification {unknown}
 s - a potion of agility {unknown}
 u - a potion of brilliance {unknown}
 v - 3 potions of haste {unknown}
 x - a potion of heal wounds {unknown}
Books
 b - a book of Necromancy

   Spells                             Type                      Level
   a - Pain                           Necromancy                   1
   b - Animate Skeleton               Necromancy                   1
   c - Vampiric Draining              Necromancy                   3
   d - Regeneration                   Charms/Necromancy            3
   e - Animate Dead                   Necromancy                   4
   f - Control Undead                 Necromancy                   4
Comestibles
 c - 3 bread rations
 d - a meat ration


   Skills:
 + Level 1.4 Armour
 - Level 1.7 Dodging
 - Level 1.7 Stealth
 + Level 3.0 Spellcasting
 + Level 0.6 Charms
 + Level 5.2 Necromancy


You had one spell level left.
You knew the following spells:

 Your Spells              Type           Power        Failure   Level  Hunger
a - Pain                  Necr           ###.         2%          1    #......
b - Regeneration          Chrm/Necr      ##........   17%         3    ###....
c - Animate Dead          Necr           N/A          28%         4    #####..


Dungeon Overview and Level Annotations

Branches:
Dungeon (3/15)

Altars:
Dithmenos

Annotations:
D:3 Ijyb; gottagoquickly's ghost, weakling TrSk


Innate Abilities, Weirdness & Mutations

You are partially covered in thin metallic scales. (AC +2)
You are slightly more attuned to the shadows.


Message History

Your orc zombie hits gottagoquickly's ghost but does no damage.
You closely miss gottagoquickly's ghost.
Gottagoquickly's ghost is moderately damaged.
Your orc zombie misses gottagoquickly's ghost.
Gottagoquickly's ghost hits you.
* * * LOW HITPOINT WARNING * * *
You are feeling very hungry.
You barely miss gottagoquickly's ghost.
Gottagoquickly's ghost is moderately damaged.
Gottagoquickly's ghost closely misses you.
Your orc zombie hits gottagoquickly's ghost but does no damage.
You hit gottagoquickly's ghost but do no damage.
Gottagoquickly's ghost is moderately damaged.
Gottagoquickly's ghost screams, "They lied to you.
The Dungeon just goes down and down forever."
Gottagoquickly's ghost closely misses you.
You hit gottagoquickly's ghost but do no damage.
Gottagoquickly's ghost is moderately damaged.
Your orc zombie barely misses gottagoquickly's ghost.
Gottagoquickly's ghost hits you!
You die...

...####.##.##.###.#
...#....##.##.....#
...#.#####.....####
####.# ##..#.# ###..#
#..#.#
....#######..<.##
#.....(...(..(..#
##.##...).......####
##.###......(...@WZ#
#.......##########..#
#...##### ##.# ..###
.b. .## .... .# .....
.# ..g.. .# .#


You could see gottagoquickly's ghost, a bat and a friendly orc zombie.

Vanquished Creatures
  Terence (D:3)
  A gnoll (D:1)
  An ooze (D:2)
  3 worms (D:2)
  A dart slug (D:1)
  A leopard gecko (D:3)
  An orc (D:3)
  5 giant cockroaches
  6 goblins
  5 hobgoblins
  4 kobolds (D:1)
  A ball python (D:3)
  6 bats
  4 frilled lizards
  5 rats
45 creatures vanquished.

Notes
Turn   | Place    | Note
-------+----------+-------------------------------------------
     0 | D:1      | Vasilisck the Demonspawn Necromancer began the quest for the Orb.
     0 | D:1      | Reached XP level 1. HP: 13/13 MP: 3/3
   341 | D:1      | Gained mutation: You are partially covered in thin metallic scales. (AC +2) [demonic ancestry]
   341 | D:1      | Reached XP level 2. HP: 15/19 MP: 0/5
  1181 | D:1      | Gained mutation: You are slightly more attuned to the shadows. [demonic ancestry]
  1181 | D:1      | Reached XP level 3. HP: 11/24 MP: 0/7
  1567 | D:2      | Learned a level 3 spell: Regeneration
  1941 | D:2      | Reached skill level 5 in Necromancy
  2260 | D:2      | Reached skill level 1 in Armour
  2582 | D:2      | Found a shadowy altar of Dithmenos.
  2838 | D:3      | Noticed Terence
  2846 | D:3      | Killed Terence
  2846 | D:3      | Reached XP level 4. HP: 25/30 MP: 1/8
  3086 | D:3      | Noticed gottagoquickly's ghost (weakling TrSk)
  3407 | D:2      | Learned a level 4 spell: Animate Dead
  3627 | D:3      | Noticed Ijyb
  3650 | D:3      | Slain by gottagoquickly's ghost

Vault maps used:
D:1:      evilmike_arrival_crescent, minmay_misc_feat_roman,
          minmay_misc_feat_plants
D:2:      marbit_many_paths, first_bread
D:3:      uniq_terence, uniq_iyjb

Skill      XL: |  1  2  3 |
---------------+----------+-----
Necromancy     | 5 |  5.2
Armour         | 1 |  1.4
Spellcasting   | 3 |  3.0
Dodging        | |  1.7
Stealth        | |  1.7
Charms         | |  0.6

Action                   |  1- 3 |  4- 6 || total
-------------------------+-------+-------++-------
Melee: Dagger            |    10 |    28 ||    38
 Cast: Pain              |    83 |    17 ||   100
       Regeneration      |       |     3 ||     3
       Animate Dead      |       |     1 ||     1
  Use: Scroll            |       |     1 ||     1
  Eat: Chunk             |     4 |       ||     4
       Bread ration      |     1 |       ||     1
Armor: Robe              |     8 |    11 ||    19
Dodge: Dodged            |     8 |    31 ||    39
